 Dungeon Crawl Stone Soup version 0.29-a0-397-g846e4a0bbc (webtiles) character file.

Game seed: 12423889372918275339

3096 sizableburger the Basher (level 9, -1/92 HPs)
             Began as an Ogre Abyssal Knight on May 11, 2022.
             Was a Priest of Lugonu.
             Slain by an orc
             ... wielding a +0 flail
              (2 damage)
             ... on level 9 of the Dungeon.
             The game lasted 00:18:04 (12328 turns).

sizableburger the Basher (Ogre Abyssal Knight)     Turns: 12328, Time: 00:18:05

Health: -1/92      AC:  5    Str: 23    XL:     9   Next: 90%
Magic:  14/14      EV: 10    Int: 11    God:    Lugonu [***...]
Gold:   380        SH:  0    Dex:  9    Spells: 8/8 levels left

rFire   . . .      SeeInvis .   u - +1 morningstar
rCold   . . .      Faith    .   (no shield)
rNeg    . . .      Spirit   .   b - +0 robe
rPois   .          Reflect  .   w - +2 hat
rElec   .          Harm     .   (no cloak)
rCorr   .          Rampage  .   (gloves unavailable)
Will    .....                   (boots unavailable)
Stlth   +.........              (no amulet)
HPRegen 0.25/turn               (no ring)
MPRegen 0.14/turn               (no ring)

@: no status effects
A: large, unfitting armour, tough skin 1, antennae 1
a: Renounce Religion, Depart the Abyss, Bend Space, Banish


You were on level 9 of the Dungeon.
You worshipped Lugonu.
Lugonu was most pleased with you.
You visited 1 branch of the dungeon, and saw 9 of its levels.
You visited the Abyss 1 time.

You collected 380 gold pieces.

Inventory:

Hand Weapons
 a - a +1 mace
 u - a +1 morningstar (weapon)
Missiles
 l - 5 silver javelins
 n - 13 poisoned darts
 p - 7 javelins
 r - 2 curare-tipped darts (quivered)
Armour
 b - a +0 robe (worn)
 k - a +0 kite shield
 w - a +2 hat (worn)
Wands
 j - a wand of acid (5)
 m - a wand of polymorph (6)
Scrolls
 g - 2 scrolls of immolation
 i - a scroll of identify
 o - a scroll of enchant weapon
Potions
 c - 2 potions of flight
 d - 2 potions of mutation
 q - 2 potions of magic
 s - a potion of attraction
 v - a potion of brilliance
 z - a potion of cancellation


   Skills:
 + Level 6.7 Fighting
 + Level 10.2 Maces & Flails
 - Level 1.0 Throwing
 - Level 2.1 Dodging
 - Level 2.0 Shields
 - Level 6.7 Invocations


You had 8 spell levels left.
You didn't know any spells.
Your spell library contained the following spells:

 Spells                   Type           Power      Damage    Failure   Level
 Beastly Appendage        Tmut           0%         N/A       34%         1
 Wereblood                Tmut           0%         N/A       47%         2
 Spider Form              Tmut/Pois      0%         N/A       71%         3
 Fireball                 Conj/Fire      0%         3d3       100%        5
 Iskenderun's Battlesphe  Conj           0%         2d6       100%        5
 Conjure Ball Lightning   Conj/Air       0%         3x3d6     100%        6
 Orb of Destruction       Conj           0%         9d5       100%        7


Dungeon Overview and Level Annotations

Branches:
Dungeon (9/15)             Temple (0/1) D:4
   Lair: D:8-11         Orc: D:9-12

Altars:
Gozag
The Shining One

Annotations:
D:2 Sigmund


Innate Abilities, Weirdness & Mutations

You are too large for most types of armour.
You have tough skin. (AC +1)
You have a pair of small antennae on your head.


Message History

Throw: 3 darts (curare)
Press: ? - help, Q - select action, (/) - cycle Shift-Dir - straight line, f/p - orc wizard
Aim: an orc wizard, wielding a +0 short sword and wearing a +0 robe (50% to hit)
You throw a curare-tipped dart.
The curare-tipped dart hits the orc wizard.
The orc wizard is poisoned.
The orc wizard convulses.
The orc wizard seems to slow down.
The orc wizard is moderately wounded.
The orc wizard gestures at you while chanting.
You are confused.
You bump into the rock wall.
The orc wizard casts a spell at you. The puff of flame hits you.
* * * LOW HITPOINT WARNING * * *
You're too confused to move!
You're too confused to move!
You bump into the rock wall.
You feel less confused.
The orc wizard points at you and mumbles some strange words.
The magic dart hits you!
* * * LOW HITPOINT WARNING * * *
You completely miss the orc wizard.
The orc wizard is almost dead.
You kill the orc wizard!
Lugonu accepts your kill.
Okay, then.
You closely miss the orc. The orc misses you.
You barely miss the orc. The orc closely misses you.
You hit the orc.
The orc is moderately wounded.
The orc hits you with a +0 flail.
* * * LOW HITPOINT WARNING * * *
You barely miss the orc.
The orc is moderately wounded.
The orc hits you with a +0 flail.
* * * LOW HITPOINT WARNING * * *
You hit the orc but do no damage.
The orc is moderately wounded.
The orc hits you with a +0 flail.
You die...

# # .#. >..
#.# #.# #.#
#.########.#
......[o@).#
#.#########(#
.#.#########)#
........o.{..#
#.......######
...####.# #.##
#<.# ##†......


You could see an orc.

Vanquished Creatures
  Pikel (D:6)
  A hornet (D:8)
  Eustachio (D:6)
  Menkaure (D:6)
  2 water moccasins
  3 orc warriors
  An ice beast (D:6)
  A centaur (D:7)
  2 phantoms (D:5)
  A lemure (D:6)
  A kobold brigand (D:7)
  3 bullfrogs
  A necrophage (D:6)
  2 scorpions
  4 wights
  4 hounds
  A jelly (D:6)
  3 iguanas
  4 orc wizards
  8 adders
  2 shadow imps
  A white imp (D:5)
  2 ufetubi
  3 worms
  19 orcs
  5 bats
  4 endoplasms
  4 giant cockroaches
  3 goblins
  5 hobgoblins
  11 jackals
  4 quokkas
  7 ball pythons
  3 frilled lizards
  6 kobolds
  21 rats
145 creatures vanquished.

Vanquished Creatures (others)
  A goblin (D:4)
  43 plants
44 creatures vanquished.

Grand Total: 189 creatures vanquished

Notes
Turn   | Place    | Note
-------+----------+-------------------------------------------
     0 | Abyss:1  | sizableburger the Ogre Abyssal Knight began the quest for
                  | the Orb.
     0 | Abyss:1  | Reached XP level 1. HP: 24/24 MP: 2/2
    92 | Abyss:1  | Noticed a neqoxec
   103 | Abyss:1  | Gained mutation: You have a pair of small antennae on your
                  | head. [a neqoxec]
   105 | D:1      | Escaped the Abyss
   326 | D:1      | Reached skill level 2 in Maces & Flails
   326 | D:1      | Reached XP level 2. HP: 29/33 MP: 3/3
   379 | D:1      | Reached ** piety under Lugonu
  1074 | D:1      | Reached XP level 3. HP: 19/41 MP: 4/4
  1575 | D:2      | Noticed a scorpion
  1587 | D:2      | Killed a scorpion
  1588 | D:2      | Reached skill level 5 in Fighting
  1588 | D:2      | Reached skill level 3 in Maces & Flails
  1588 | D:2      | Reached XP level 4. HP: 32/50 MP: 5/5
  1979 | D:2      | Noticed Sigmund
  2499 | D:2      | Reached XP level 5. HP: 46/59 MP: 6/6
  2782 | D:3      | Reached *** piety under Lugonu
  3278 | D:3      | Reached skill level 1 in Throwing
  4044 | D:4      | Reached skill level 4 in Maces & Flails
  4044 | D:4      | Reached XP level 6. HP: 45/67 MP: 6/8
  4156 | D:4      | Found a staircase to the Ecumenical Temple.
  4812 | D:4      | Noticed a steam dragon
  5388 | D:5      | Entered Level 5 of the Dungeon
  6181 | D:5      | Reached skill level 5 in Maces & Flails
  6418 | D:5      | Reached XP level 7. HP: 68/75 MP: 9/9
  7108 | D:6      | Reached skill level 6 in Maces & Flails
  7224 | D:6      | Noticed Pikel
  7246 | D:6      | Killed Pikel
  7247 | D:6      | Reached skill level 7 in Maces & Flails
  7247 | D:6      | Reached XP level 8. HP: 32/83 MP: 10/10
  7537 | D:6      | Noticed Eustachio
  7544 | D:6      | Killed Eustachio
  7545 | D:6      | Reached skill level 8 in Maces & Flails
  7665 | D:6      | Reached skill level 1 in Shields
  8047 | D:6      | Noticed Menkaure
  8417 | D:6      | Killed Menkaure
  8418 | D:6      | Reached skill level 9 in Maces & Flails
  8418 | D:6      | Reached XP level 9. HP: 36/89 MP: 10/12
  8940 | D:7      | Found an opulent altar of Gozag.
  8957 | D:7      | Reached **** piety under Lugonu
  9389 | D:6      | Reached skill level 5 in Invocations
 10177 | D:7      | Found a glowing golden altar of the Shining One.
 11684 | D:8      | Noticed a hornet
 11693 | D:8      | Killed a hornet
 11694 | D:8      | Reached skill level 10 in Maces & Flails
 12108 | D:9      | HP: 4/89 [water moccasin (6)]
 12326 | D:9      | HP: 3/92 [orc/+0 flail (3)]
 12327 | D:9      | HP: 1/92 [orc/+0 flail (3)]
 12328 | D:9      | Slain by an orc

Illustrated notes

Levels and vault maps discovered:
D:1:      dpeg_arrival_simpleton_c, layout_loops_corners, nicolae_wormholes
D:2:      layout_rooms, minmay_misc_feat_roman, uniq_sigmund
D:3:      layout_rooms, minmay_door_square, minmay_rat_hole
D:4:      layout_gridville, minmay_temple_entry_from_below_a,
          minmay_manual_mullet
D:5:      nicolae_cairo_tiling, layout_cave_pools, serial_bayou,
          serial_bayou_pond_d, serial_bayou_ford_a, serial_bayou_lagoon_a,
          hangedman_decor_peaks_small, chequers_serial_rivers_micro_d
D:6:      layout_loops_ring, uniq_eustachio, uniq_menkaure, uniq_pikel
D:7:      layout_basic, mainiacjoe_overflow_cross_hatched, lemuel_crystal_altar
D:8:      layout_cave_pods, nicolae_dithmenos_through_a_glass_darkly,
          uniq_psyche
D:9:      layout_loops_ring, david_lair_shrubbed, orc_0_dummy,
          hangedman_decor_riveting, uniq_prince_ribbit1

Skill      XL: |  1  2  3  4  5  6  7  8  9 |
---------------+----------------------------+-----
Maces & Flails | 2 3 4 5 7 9 10 | 10.2
Fighting       | 5 6 |  6.7
Throwing       | 1 |  1.0
Invocations    | 3 4 6 |  6.7
Shields        | 2 |  2.0
Dodging        | |  2.1

Action                   |  1- 3 |  4- 6 |  7- 9 || total
-------------------------+-------+-------+-------++-------
Melee: Mace              |    81 |   240 |       ||   321
       Punch             |       |     3 |     2 ||     5
       Morningstar       |       |    25 |   178 ||   203
Throw: Javelin           |       |     5 |    13 ||    18
       Dart              |       |     2 |    17 ||    19
Invok: Depart the Abyss  |     1 |       |       ||     1
       Bend Space        |       |       |     3 ||     3
       Banish            |       |       |     2 ||     2
Evoke: Wand              |       |       |     3 ||     3
  Use: Scroll            |     1 |    11 |    12 ||    24
       Potion            |     1 |     2 |    10 ||    13
 Stab: Sleeping          |       |       |     1 ||     1
Armor: Robe              |    28 |   102 |    68 ||   198
       Skin              |       |     4 |     7 ||    11
Dodge: Dodged            |    65 |   199 |    89 ||   353
Block: Kite shield       |       |       |     9 ||     9

Table legend: (Time is in decaauts)
 A = Elapsed time spent in this place.
 B = Non-inter-level travel time spent in this place.
 C = Inter-level travel time spent in this place.
 D = Time resting spent in this place.
 E = Time spent auto-exploring this place.
 F = Levels seen in this place.
 G = Mean time per level.
                   A        B        C        D        E       F      G
               +--------+--------+--------+--------+--------+-----+--------+
         Total |  12469 |  12145 |    324 |   5768 |   4778 |  10 | 1246.9 |
       Dungeon |  12364 |  12040 |    324 |   5768 |   4688 |   9 | 1373.8 |
         Abyss |    105 |    105 |      0 |      0 |     90 |   1 |  105.0 |
               +--------+--------+--------+--------+--------+-----+--------+

Top non-repeatable levels by time:
     D:6: 2354 daAuts
     D:7: 2232 daAuts
     D:4: 2034 daAuts
     D:1: 1872 daAuts
     D:5: 1332 daAuts
     D:3: 1232 daAuts
     D:2: 675 daAuts
     D:8: 408 daAuts
     D:9: 222 daAuts
 Abyss:1: 105 daAuts
